 Dungeon Crawl Stone Soup version 0.31.0-9-g3a7656b989 (webtiles) character file.

Game seed: 7262470936570443322

4466 H0rd4k the Fighter (level 10, -10/93 (94) HPs)
             Began as a Human Artificer on Feb 5, 2024.
             Was an Initiate of Gozag.
             Mangled by a shadow (15 damage)
             ... on level 9 of the Dungeon on Feb 6, 2024.
             The game lasted 00:20:57 (11234 turns).

H0rd4k the Fighter (Human Artificer)               Turns: 11234, Time: 00:20:57

HP:   -10/93 (94)   AC:  4    Str: 13    XL:     10   Next: 37%
MP:   0/22          EV: 11    Int: 16    God:    Gozag
Gold: 689           SH:  0    Dex: 13    Spells: 11/11 levels left

rFire   . . .        L - +0 dagger (holy)
rCold   + . .        (no shield)
rNeg    . . .        b - +0 leather armour
rPois   .            m - +0 helmet
rElec   .            (no cloak)
rCorr   .            (no gloves)
SInv    .            B - +1 pair of boots
Will    .....        o - amulet of guardian spirit
Stlth   +            C - ring of magical power
HPRegen 0.35/turn    i - ring of Misybyut {Fly rC+ Slay+3}
MPRegen 0.18/turn

%: guardian spirit
@: gold aura, flying, studying Shapeshifting, lightly drained
A: explore regen, hooves 1, deformed body, high MP 1, MP-powered wands
a: Renounce Religion, Potion Petition, Call Merchant, Bribe Branch


You were on level 9 of the Dungeon.
You worshipped Gozag.
Gozag was pleased with you.
You visited 2 branches of the dungeon, and saw 10 of its levels.
You also visited: Ossuary.

You collected 1650 gold pieces.
You spent 871 gold pieces at shops.
You paid 90 gold pieces to Gozag.

Inventory:

Hand Weapons
 g - a +2 short sword of draining
 r - a +0 hand axe of flaming
 L - a +0 dagger of holy wrath (weapon)
Missiles
 e - 3 curare-tipped darts (quivered)
 A - 37 poisoned darts
 J - 3 datura-tipped darts
Armour
 b - a +0 leather armour (worn)
 m - a +0 helmet (worn)
 B - a +1 pair of boots (worn)
Jewellery
 a - a ring of protection from fire
 h - a ring of flight
 i - the ring of Misybyut (right hand) {Fly rC+ Slay+3}
   (You acquired it on level 6 of the Dungeon)

   [ring of protection from cold]

   Slay+3:    It affects your accuracy & damage with ranged weapons and melee
   (+3).
   rC+:       It protects you from cold.
   Fly:       It grants you flight.
 o - an amulet of guardian spirit (around neck)
 y - a +5 ring of evasion
 C - a ring of magical power (left hand)
 N - an amulet of magic regeneration
Wands
 d - a wand of charming (12)
 l - a wand of light (1)
Scrolls
 c - 2 scrolls of torment
 f - 3 scrolls of teleportation
 k - 2 scrolls of noise
 n - 4 scrolls of enchant weapon {unknown}
 p - 2 scrolls of blinking
 q - a scroll of butterflies
 s - a scroll of immolation
 t - a scroll of silence
 u - a scroll of amnesia
 v - 4 scrolls of vulnerability
 E - 2 scrolls of fear
 F - a scroll of revelation {unknown}
 O - a scroll of acquirement
Potions
 j - 3 potions of curing
 w - a potion of resistance
 x - a potion of invisibility
 G - a potion of brilliance


   Skills:
 + Level 14.3 Fighting
 + Level 2.2 Short Blades
 - Level 2.0 Armour
 - Level 1.0 Dodging
 - Level 1.0 Stealth
 * Level 1.4 Spellcasting
 - Level 3.0 Evocations


You had 11 spell levels left.
You didn't know any spells.
Your spell library contained the following spells:

 Spells                   Type           Power      Damage    Failure   Level
 Freeze                   Ice            4%         1d3       28%         1
 Magic Dart               Conj           4%         1d3       28%         1
 Blink                    Tloc           2%         N/A       38%         2
 Call Imp                 Summ           2%         N/A       38%         2
 Jinxbite                 Hex            2%         N/A       38%         2
 Frozen Ramparts          Ice            2%         1d1       63%         3
 Hailstorm                Conj/Ice       1%         3d5       63%         3
 Inner Flame              Hex/Fire       1%         N/A       63%         3
 Irradiate                Conj/Alch      0%         3d11      100%        5
 Yara's Violent Unravell  Hex/Alch       0%         3d3       100%        5
 Enfeeble                 Hex            0%         N/A       100%        7
 Ignition                 Fire           0%         3d3       100%        8


Dungeon Overview and Level Annotations

Branches:
Dungeon (9/15)             Temple (1/1) D:6         Ossuary (visited)
   Lair: D:8-11         Orc: D:9-12

Altars:
Ashenzari
Cheibriados
Dithmenos
Elyvilon
Fedhas
Gozag
Hepliaklqana
Kikubaaqudgha
Makhleb
Nemelex Xobeh
Okawaru
Qazlal
Ru
Sif Muna
Trog
Uskayaw
Vehumet
Wu Jian
Xom
Yredelemnul
Zin
The Shining One

Shops:
D:1 [

Annotations:
D:5 3 runed translucent doors, exclusion: 3 doors, Anaz's ghost, novice DgAE; mihai's ghost, amateur DgFE
D:6 exclusion: downstairs
D:7 exclusion: 2 downstairs
D:8 exclusion: acid dragon, Maurice
Temple 2 transporters


Innate Abilities, Weirdness & Mutations

You regain HP and MP as you explore.
You have large cloven feet.
Armour fits poorly on your strangely shaped body.
You have an increased reservoir of magic. (+10% MP)
You expend magic power (3 MP) to strengthen your wands.


Message History

You hit the steam dragon but do no damage.
The steam dragon is moderately wounded.
The steam dragon barely misses you. The steam dragon claws you.
You hit the steam dragon but do no damage.
The steam dragon is moderately wounded.
The steam dragon bites you! The steam dragon closely misses you.
You hit the steam dragon.
The steam dragon is moderately wounded.
The steam dragon breathes steam at you. The ball of steam hits you!
* * * LOW HITPOINT WARNING * * *
You hear a bellow!
The steam dragon attacks as it pursues you!
The steam dragon bites you!
* * * LOW HITPOINT WARNING * * *
The steam dragon claws you but does no damage.
The steam dragon breathes steam at you. The ball of steam hits you!
* * * LOW HITPOINT WARNING * * *
You hear an angry hiss.
Aiming: Charm
Press: ? - help, Shift-Dir - straight line, f - steam dragon
Aim: a steam dragon (moderately wounded, catching its breath, chance to affect: 60%)
The steam dragon is charmed.
You are engulfed in a cloud of scalding steam.
* * * LOW HITPOINT WARNING * * *
You feel better.
You are engulfed in a cloud of scalding steam.
* * * LOW HITPOINT WARNING * * *
The wyvern bites your steam dragon!
The wyvern closely misses your steam dragon.
The wyvern bites your steam dragon!
Your steam dragon dies!
Aiming: Charm
Press: ? - help, Shift-Dir - straight line, f - wyvern
Aim: a wyvern (chance to affect: 56%)
The wyvern resists with significant effort.
The shadow strikes at you from the darkness!
You die...
Your body crumbles into a pile of gold.

#.c #.# #.# #.# ##### #.#
#.z.# #.#
#.#.######.##############
###k#........ยงยงยง@k$.......[
..z.########.######........
z#..# ...# #........
.#..###.###..# #........
...........[.. .k.......
.#..##...P$[.# #........
<#.$......P... #........
.#.##......... #........ .#..
.... #......##


You could see a wyvern.

Vanquished Creatures
  A kobold demonologist (D:8)
  A komodo dragon (D:7)
  Maggie (D:7)
  Grinder (D:5)
  A hornet (D:8)
  A shadow (D:7)
  A wraith (D:7)
  A water moccasin (D:8)
  A sky beast (D:8)
  An orc warrior (D:8)
  2 ogres
  4 centaurs
  A phantom (D:6)
  6 kobold brigands (D:8)
  A bullfrog (D:5)
  2 scorpions (Ossuary)
  Dowan (D:4)
  9 killer bees
  A hound (D:6)
  A jelly (D:6)
  2 orc priests
  An iguana (D:6)
  5 orc wizards
  5 scorpion zombies (Ossuary)
  4 mummies
  7 gnolls (D:6)
  6 adders
  A shadow imp (D:7)
  4 white imps
  2 adder zombies (Ossuary)
  A dart slug (D:1)
  3 ribbon worms
  26 orcs
  12 endoplasms
  8 giant cockroaches
  5 goblins
  6 hobgoblins
  7 jackals
  2 quokkas
  6 ball pythons
  7 bats
  3 gnoll zombies (Ossuary)
  2 goblin zombies (D:6)
  3 jackal zombies (Ossuary)
  25 kobolds
  4 kobold zombies (Ossuary)
  7 rats
202 creatures vanquished.

Vanquished Creatures (collateral kills)
  Duvessa (D:4)
  A centaur (D:9)
  2 wights (D:9)
  An orc wizard (D:8)
  An orc (D:4)
6 creatures vanquished.

Vanquished Creatures (others)
  A steam dragon (D:9)
  A phantom (D:6)
  2 killer bees
  An orc wizard (D:7)
  A ball python (D:1)
6 creatures vanquished.

Grand Total: 214 creatures vanquished

Notes
Turn   | Place    | Note
-------+----------+-------------------------------------------
     0 | D:1      | H0rd4k the Human Artificer began the quest for the Orb.
     0 | D:1      | Reached XP level 1. HP: 15/15 MP: 1/1
     1 | D:1      | Found a runed translucent door.
   150 | D:1      | Reached skill level 2 in Fighting
   150 | D:1      | Reached XP level 2. HP: 22/22 MP: 2/2
   270 | D:1      | Found Geol's Armour Emporium.
   670 | D:2      | Reached XP level 3. HP: 23/28 MP: 3/3
   816 | D:2      | Reached skill level 3 in Fighting
  1028 | D:2      | Found a sacrificial altar of Ru.
  1501 | D:3      | Reached XP level 4. HP: 8/37 MP: 4/4
  1994 | D:3      | Reached skill level 4 in Fighting
  2025 | D:3      | Found a faded altar of an unknown god.
  2552 | D:4      | Noticed Dowan
  2553 | D:4      | Noticed Duvessa
  2565 | D:4      | Killed Duvessa
  2566 | D:4      | Reached skill level 5 in Fighting
  2566 | D:4      | Reached XP level 5. HP: 35/44 MP: 5/5
  2589 | D:4      | Killed Dowan
  2854 | D:4      | Reached XP level 6. HP: 52/52 MP: 6/6
  3242 | D:5      | Entered Level 5 of the Dungeon
  3242 | D:5      | Found a runed translucent gate.
  3242 | D:5      | Found a runed translucent gate.
  3242 | D:5      | Found a runed translucent gate.
  3245 | D:5      | Noticed mihai's ghost (amateur DgFE)
  3245 | D:5      | Noticed Anaz's ghost (novice DgAE)
  3299 | D:5      | Reached skill level 6 in Fighting
  3473 | D:5      | Reached skill level 7 in Fighting
  3520 | D:5      | Reached XP level 7. HP: 52/60 MP: 7/7
  3585 | D:5      | Noticed Grinder
  3585 | D:5      | Paralysed by Grinder for 5 turns
  3592 | D:5      | Paralysed by Grinder for 4 turns
  3690 | D:5      | Killed Grinder
  3691 | D:5      | Reached skill level 8 in Fighting
  4129 | D:6      | Reached XP level 8. HP: 49/70 MP: 8/8
  4136 | D:6      | Found a staircase to the Ecumenical Temple.
  4148 | Temple   | Found a transporter.
  4148 | Temple   | Found a transporter.
  4148 | Temple   | Found a transporter.
  4148 | Temple   | Found a transporter.
  4148 | Temple   | Entered the Ecumenical Temple
  4166 | Temple   | Became a worshipper of Gozag Ym Sagoz the Greedy
  4262 | D:6      | Reached skill level 9 in Fighting
  4408 | D:6      | Found a sand-covered staircase.
  4427 | Ossuary  | Entered an ossuary
  4979 | Ossuary  | Reached skill level 10 in Fighting
  6172 | D:7      | Reached skill level 11 in Fighting
  6172 | D:7      | Reached XP level 9. HP: 44/81 MP: 9/9
  6341 | D:7      | Found a white marble altar of Elyvilon.
  6983 | D:7      | Noticed Maggie
  6989 | D:7      | Killed Maggie
  7003 | D:7      | Noticed a komodo dragon
  7009 | D:7      | Killed a komodo dragon
  7010 | D:7      | Reached skill level 12 in Fighting
  7248 | D:6      | Identified 3 scrolls of acquirement
  7248 | D:6      | Acquired a manual of Shapeshifting
  7250 | D:6      | Acquired 1296 gold pieces
  7252 | D:6      | Acquired the ring of Misybyut {Fly rC+ Slay+3}
  7417 | D:1      | Bought the +6 lightning scales {swift, rElec} for 871 gold
                  | pieces
  7417 | D:1      | Found the +6 lightning scales {swift, rElec}
  7995 | D:8      | Reached skill level 1 in Short Blades
  8176 | D:8      | Noticed a hornet
  8181 | D:8      | Killed a hornet
  8248 | D:8      | Found a glowing silver altar of Zin.
  8251 | D:8      | Found a stormy altar of Qazlal.
  8843 | D:8      | Reached skill level 13 in Fighting
  9310 | D:8      | Noticed a kobold demonologist
  9324 | D:8      | Gained mutation: Armour fits poorly on your strangely
                  | shaped body. [potion of mutation]
  9324 | D:8      | Gained mutation: You expend magic power (3 MP) to
                  | strengthen your wands. [potion of mutation]
  9324 | D:8      | Gained mutation: You have an increased reservoir of magic.
                  | (+10% MP) [potion of mutation]
  9324 | D:8      | Gained mutation: You have large cloven feet. [potion of
                  | mutation]
  9333 | D:8      | Reached XP level 10. HP: 68/92 MP: 11/11
  9341 | D:8      | Killed a kobold demonologist
  9409 | D:8      | Reached skill level 14 in Fighting
  9794 | D:8      | Noticed Maurice
  9796 | D:8      | Maurice stole a +6 ring of dexterity
  9798 | D:8      | Maurice stole a +1 flail of protection
  9801 | D:8      | Something stole 45 poisoned darts
 10396 | D:7      | Reached skill level 1 in Spellcasting
 11021 | D:8      | Maurice stole 467 gold
 11023 | D:8      | Maurice stole 417 gold
 11232 | D:9      | HP: 3/92 [steam dragon] (9)]
 11234 | D:9      | Mangled by a shadow

Illustrated notes

Levels and vault maps discovered:
D:1:      dpeg_arrival_caged_fury, layout_rooms, serial_shops, shop
D:2:      layout_loops_cross, basic_altar, nicolae_eternal_life
D:3:      layout_basic, dreamdust_ecumenical_altar_sealed_demon
D:4:      layout_basic, uniq_duvessa
D:5:      layout_basic, gammafunk_ghost_cemetery, serial_park_tiny_1,
          uniq_grinder
D:6:      layout_loops_cross, minmay_temple_entry_statues_pillars,
          nicolae_ossuary_entry_giza
D:7:      layout_loops_ring, mainiacjoe_overflow_catwalk, kb_rosetta,
          uniq_maggie
D:8:      layout_loops_corners, jmf_multi_god_temple2, special_room
          [special_room_kobold], uniq_maurice
D:9:      layout_basic, minmay_lair_entry_grove, dreamdust_princess_bridge,
          uniq_psyche
Temple:   hellmonk_temple_divided_pantheon

Skill      XL: |  1  2  3  4  5  6  7  8  9 10 |
---------------+-------------------------------+-----
Fighting       | 2 3 5 7 8 11 13 14 | 14.3
Short Blades   | 1 2 |  2.2
Spellcasting   | 1 |  1.4
Armour         | |  2.0
Dodging        | |  1.0
Stealth        | |  1.0
Evocations     | |  3.0

Action                     |  1- 3 |  4- 6 |  7- 9 | 10-12 || total
---------------------------+-------+-------+-------+-------++-------
  Melee: Club              |   116 |       |       |       ||   116
         Hand axe          |    52 |   119 |   556 |   109 ||   836
         Punch             |     1 |     2 |     8 |       ||    11
         Dagger            |       |       |    35 |    62 ||    97
         Flail             |       |       |    18 |       ||    18
         Short sword       |       |       |       |    54 ||    54
  Evoke: Wand              |     2 |    11 |    35 |    12 ||    60
    Use: Potion            |       |       |    14 |     5 ||    19
         Scroll            |       |       |     9 |     7 ||    16
   Stab: Sleeping          |     4 |     2 |     3 |       ||     9
         Distracted        |       |     1 |       |       ||     1
         Invisible         |       |       |       |     6 ||     6
 Armour: Leather armour    |   101 |    65 |   423 |   177 ||   766
  Dodge: Dodged            |   124 |    80 |   574 |   191 ||   969
